 Dungeon Crawl Stone Soup version 0.26-a0-668-gd58323b419 (webtiles) character file.

Game seed: 5978895534737514723

1075 ArthosElwyn the Basher (level 8, -2/81 HPs)
             Began as an Octopode Wanderer on Oct 18, 2020.
             Slain by an ufetubus (3 damage)
             ... on level 6 of the Dungeon.
             The game lasted 00:16:55 (7501 turns).

ArthosElwyn the Basher (Octopode Wanderer)          Turns: 7501, Time: 00:16:56

Health: -2/81      AC: 28    Str: 13    XL:     8   Next: 29%
Magic:  8/8        EV:  2    Int: 15    God:
Gold:   196        SH:  0    Dex: 11    Spells: 7/7 levels left

rFire    . . .     SeeInvis .   a - +3 mace
rCold    + . .     Faith    .   (no shield)
rNeg     + + +     Spirit   .   (helmet currently unavailable)
rPois    +         Reflect  .   (no amulet)
rElec    .         Harm     .   y - +4 ring of protection
rCorr    .         Rampage  .   r - ring of protection from cold
MR       .....     NoTele   +   t - ring of poison resistance
Stlth    ++........             (no ring)
HPRegen  0.23/turn              (no ring)
MPRegen  0.11/turn              (no ring)
                                (no ring)
                                (no ring)

@: tree-form
A: almost no armour, stealthy swim, (amphibious), 8 rings, (constrict 8)
a: no special abilities


You were on level 6 of the Dungeon.
You were a tree.
You visited 1 branch of the dungeon, and saw 6 of its levels.

You collected 322 gold pieces.
You spent 126 gold pieces at shops.

Inventory:

Hand Weapons
 a - a +3 mace (weapon)
 c - a +0 quarterstaff
Missiles
 e - a throwing net
 f - 4 javelins
 x - 17 poisoned darts (quivered)
Jewellery
 r - a ring of protection from cold (right branch)
 t - a ring of poison resistance (on tentacle)
 y - a +4 ring of protection (left branch)
Wands
 q - a wand of enslavement (6)
 s - a wand of iceblast (7)
 w - a wand of digging (2)
 A - a wand of disintegration (15)
 C - a wand of paralysis (11)
Scrolls
 d - 2 scrolls of remove curse
 g - a scroll of enchant weapon
 h - 2 scrolls of amnesia
 i - 2 scrolls of fog
 l - a scroll of blinking
 p - 2 scrolls of teleportation
 B - 2 scrolls of magic mapping
Potions
 b - 3 potions of curing
 j - 2 potions of lignification
 k - 2 potions of cancellation {unknown}
 m - 3 potions of ambrosia
 n - 2 potions of brilliance
 o - 2 potions of invisibility
 u - 2 potions of degeneration {unknown}
 z - 3 potions of flight


   Skills:
 + Level 4.5 Fighting
 + Level 8.1(8.2) Maces & Flails
 - Level 2.0(5.4) Staves
 - Level 1.0 Throwing
 * Level 3.5 Dodging
 - Level 2.2 Stealth
 - Level 1.1 Evocations


You had 7 spell levels left.
You didn't know any spells.
Your spell library was empty.

Dungeon Overview and Level Annotations

Branches:
Dungeon (6/15)
 Temple: D:4-7

Altars:
Hepliaklqana
Wu Jian

Shops:
D:5 (:}

Annotations:
D:6 Sigmund


Innate Abilities, Weirdness & Mutations

You cannot wear most types of armour.
You are very stealthy in the water. (Stealth+)
((You are amphibious.))
You can wear up to eight rings at the same time.
((You can use your tentacles to constrict eight enemies at once.))
((Your skin changes colour to match your surroundings (Stealth+).))
((Your rubbery body absorbs attacks. (AC +1, EV +1)))


Message History

The ufetubus hits you but does no damage. x2
The orc warrior hits you with a +0 dire flail.
* * * LOW HITPOINT WARNING * * *
The quokka bites you but does no damage.
The howler monkey hits you but does no damage.
An orc comes into view. It is wielding a +0 short sword.
The jackal bites you but does no damage.
The orc hits you but does no damage.
The jackal bites you but does no damage.
You barely miss the orc warrior.
The orc warrior is heavily wounded.
The ufetubus hits you but does no damage. x2
The quokka bites you but does no damage.
The orc warrior hits you with a +0 dire flail.
* * * LOW HITPOINT WARNING * * *
The howler monkey completely misses you.
The jackal bites you but does no damage. x2
The ufetubus hits you but does no damage.
The ufetubus hits you.
You die...

#.........#
#.........#
#.........#
#.........#
#.........#
#.........#
......hhr.###..
#...h5♣o......
..#..hho#####..
##o##.#####..
#o........o..
.....##.#####.o
...# #.## o.
#..# ##.# #.#
###


You could see an orc warrior, a howler monkey, 4 orcs, an ufetubus, a quokka and
4 jackals.

Vanquished Creatures
  Eustachio (D:5)
  Menkaure (D:6)
  2 ogres (D:5)
  A bullfrog (D:6)
  2 howler monkeys (D:5)
  2 hounds
  2 orc priests
  A jelly (D:5)
  Crazy Yiuf (D:5)
  Jessica (D:3)
  Natasha (thrice) (D:3)
  3 worker ants
  A killer bee zombie (D:5)
  4 adders
  2 white imps
  An ooze (D:2)
  An adder skeleton (D:4)
  2 worms
  2 dart slugs (D:1)
  3 leopard geckos
  9 orcs
  9 giant cockroaches
  7 goblins
  6 hobgoblins
  6 kobolds
  A ball python (D:2)
  5 bats
  7 frilled lizards
  7 rats
93 creatures vanquished.

Vanquished Creatures (others)
  An orc (D:6)
  2 fungi (D:5)
3 creatures vanquished.

Grand Total: 96 creatures vanquished

Notes
Turn   | Place    | Note
-------+----------+-------------------------------------------
     0 | D:1      | ArthosElwyn the Octopode Wanderer began the quest for the
                  | Orb.
     0 | D:1      | ArthosElwyn set off with the following items: a +2 mace, a
                  | potion of curing, a +0 quarterstaff
     0 | D:1      | Reached XP level 1. HP: 14/14 MP: 1/1
   342 | D:1      | Reached XP level 2. HP: 2/19 MP: 2/2
  1470 | D:1      | Reached skill level 4 in Maces & Flails
  1645 | D:1      | Reached XP level 3. HP: 24/24 MP: 3/3
  2175 | D:2      | You fall into a shaft and drop 1 floor!
  2351 | D:2      | Reached XP level 4. HP: 29/29 MP: 4/4
  3028 | D:3      | Noticed Jessica
  3045 | D:3      | Killed Jessica
  3045 | D:3      | Reached skill level 5 in Maces & Flails
  3324 | D:3      | Noticed Natasha
  3328 | D:3      | Killed Natasha
  3328 | D:3      | Reached XP level 5. HP: 35/35 MP: 5/5
  3617 | D:3      | Noticed Natasha
  3619 | D:3      | Found an ornate altar of the Wu Jian Council.
  3625 | D:3      | Killed Natasha
  3815 | D:3      | Found an ornate altar of the Wu Jian Council.
  4057 | D:3      | Noticed Natasha
  4063 | D:3      | Killed Natasha
  4429 | D:4      | Found a hazy altar of Hepliaklqana.
  4638 | D:4      | Reached skill level 6 in Maces & Flails
  4638 | D:4      | Reached XP level 6. HP: 28/42 MP: 6/6
  5205 | D:5      | Entered Level 5 of the Dungeon
  5613 | D:5      | Noticed Eustachio
  5638 | D:5      | Killed Eustachio
  5638 | D:5      | Reached XP level 7. HP: 36/46 MP: 7/7
  5862 | D:5      | Reached skill level 1 in Stealth
  5865 | D:5      | Found Hetun's Gadget Shop.
  5876 | D:5      | Reached skill level 7 in Maces & Flails
  5956 | D:5      | Bought a wand of enslavement (7) for 126 gold pieces
  5964 | D:5      | Found a runed translucent door.
  5967 | D:5      | Noticed Crazy Yiuf
  5974 | D:5      | Killed Crazy Yiuf
  6633 | D:5      | Found Ydimuynoli's Weapon Shoppe.
  6645 | D:5      | Found Lireyx's Book Shop.
  7337 | D:6      | Reached XP level 8. HP: 54/54 MP: 8/8
  7466 | D:6      | Noticed Menkaure
  7485 | D:6      | Killed Menkaure
  7485 | D:6      | Reached skill level 8 in Maces & Flails
  7489 | D:6      | HP: 1/81 [orc priest/divine providence (16)]
  7495 | D:6      | Noticed Sigmund
  7496 | D:6      | HP: 4/81 [howler monkey (1)]
  7500 | D:6      | HP: 1/81 [orc warrior/+0 dire flail (3)]
  7501 | D:6      | Slain by an ufetubus

Illustrated notes

Levels and vault maps discovered:
D:1:      heliophobic_arrival_glass_houses, layout_loops_corners
D:2:      minmay_door_path, layout_basic, nrook_campfire
D:3:      layout_loops_cross, nicolae_overflow_crystal_walls, uniq_natasha,
          uniq_jessica
D:4:      layout_basic, lemuel_doored_altar, grunt_decor_one_mirror
D:5:      layout_basic, serial_shops, shop, nicolae_shop_trees,
          nicolae_shop_crystal, minmay_misc_feat_square,
          uniq_crazy_yiuf_cottage, uniq_eustachio
D:6:      layout_rooms, overflow_temple_1_default, lightli_orcish_oven,
          uniq_sigmund, uniq_menkaure

Skill      XL: |  1  2  3  4  5  6  7  8 |
---------------+-------------------------+-----
Maces & Flails | 4 5 6 7 8 |  8.1
Fighting       | 3 4 |  4.5
Dodging        | 2 3 |  3.5
Stealth        | 2 |  2.2
Staves         | |  2.0
Throwing       | |  1.0
Evocations     | |  1.1

Action                   |  1- 3 |  4- 6 |  7- 9 || total
-------------------------+-------+-------+-------++-------
Melee: Mace              |    52 |    75 |    80 ||   207
       Constrict         |     9 |    21 |    12 ||    42
       Tentacles         |     4 |    16 |    16 ||    36
Throw: Javelin           |    10 |    15 |       ||    25
       Throwing net      |       |     2 |       ||     2
       Dart              |       |       |    13 ||    13
Evoke: Wand              |       |       |     1 ||     1
  Use: Scroll            |       |    15 |       ||    15
       Potion            |       |       |     3 ||     3
 Stab: Sleeping          |     5 |     5 |     3 ||    13
       Held in net/web   |       |     1 |       ||     1
       Distracted        |       |     1 |     1 ||     2
Armor: Skin              |     1 |    11 |   163 ||   175
Dodge: Dodged            |    30 |    48 |    45 ||   123

Table legend: (Time is in decaauts)
 A = Elapsed time spent in this place.
 B = Non-inter-level travel time spent in this place.
 C = Inter-level travel time spent in this place.
 D = Time resting spent in this place.
 E = Time spent auto-exploring this place.
 F = Levels seen in this place.
 G = Mean time per level.
                   A        B        C        D        E       F      G
               +--------+--------+--------+--------+--------+-----+--------+
         Total |   7533 |   7230 |    303 |   2252 |   4173 |   6 | 1255.5 |
       Dungeon |   7533 |   7230 |    303 |   2252 |   4173 |   6 | 1255.5 |
               +--------+--------+--------+--------+--------+-----+--------+

Top non-repeatable levels by time:
     D:1: 1960 daAuts
     D:5: 1790 daAuts
     D:4: 1405 daAuts
     D:3: 1308 daAuts
     D:2: 897 daAuts
     D:6: 170 daAuts
